 Dungeon Sprint DCSS version 0.29-a0-1033-gb6c65ffae6 (webtiles) character file.

Game seed: 13342032978254108438

214 mhtbhm the Unseen (level 5, -11/28 HPs)
             Began as a Spriggan Brigand on Aug 14, 2022.
             Was an Initiate of Dithmenos.
             Killed from afar by a deep elf pyromancer (20 damage)
             ... with a bolt of fire
             ... in the Dungeon (Sprint III: "The Ten Rune Challenge").
             The game lasted 00:01:32 (707 turns).

mhtbhm the Unseen (Spriggan Brigand)                 Turns: 707, Time: 00:01:34

Health: -11/28     AC:  3    Str:  7    XL:     5   Next: 59%
Magic:  6/6        EV: 17    Int: 13    God:    Dithmenos [......]
Gold:   37         SH:  0    Dex: 18    Spells: 4/4 levels left

rFire   . . .      SeeInvis +   a - +2 dagger (freeze)
rCold   + . .      Faith    .   (no shield)
rNeg    . . .      Spirit   .   b - +0 robe
rPois   .          Reflect  .   (helmet restricted)
rElec   .          Harm     .   c - +0 cloak
rCorr   .          Rampage  .   (gloves unavailable)
Will    .....      NoTele   +   (boots unavailable)
Stlth   +++.......              (no amulet)
HPRegen 0.09/turn               (no ring)
MPRegen 0.10/turn               (no ring)

@: on fire, hasted, glowing, very quick
A: very small, no large weapons, unfitting armour, see invisible, speed 3,
talons 1, cold resistance 1, MP-powered wands
a: Renounce Religion


You were in the Dungeon.
You worshipped Dithmenos.
Dithmenos was noncommittal.
You visited 1 branch You collected 37 gold pieces.

Inventory:

Hand Weapons
 a - a +2 dagger of freezing (weapon)
Missiles
 d - 6 poisoned darts (quivered)
Armour
 b - a +0 robe (worn)
 c - a +0 cloak (worn)
Scrolls
 k - a scroll of blinking
 l - a scroll of poison {unknown}
 m - a scroll of vulnerability {unknown}
 n - a scroll of torment {unknown}
 o - a scroll of identify {unknown}
Potions
 f - 2 potions of curing
 g - a potion of heal wounds
 i - 2 potions of magic
 p - 4 potions of mutation


   Skills:
 + Level 3.1 Fighting
 + Level 5.6 Short Blades
 + Level 4.2 Throwing
 + Level 1.9 Dodging
 + Level 15.1 Stealth


You had 4 spell levels left.
You didn't know any spells.
Your spell library contained the following spells:

 Spells                   Type           Power      Damage    Failure   Level
 Apportation              Tloc           0%         N/A       30%         1
 Freeze                   Ice            0%         1d3       30%         1
 Necrotise                Necr           0%         1d4       30%         1
 Summon Small Mammal      Summ           0%         N/A       30%         1
 Frozen Ramparts          Ice            0%         1d1       67%         3
 Hailstorm                Conj/Ice       0%         3d3       97%         4


Dungeon Overview and Level Annotations

Branches:
Dungeon (1/1)

Altars:
Dithmenos
Elyvilon
Kikubaaqudgha
Ru
Sif Muna
Vehumet
Yredelemnul
Zin
The Shining One


Innate Abilities, Weirdness & Mutations

You are very small and have problems with some larger weapons.
You are too small for most types of armour.
You have supernaturally acute eyesight. (SInv)
You cover ground extremely quickly. (Speed+++)
You have sharp toenails.
Your flesh is cold resistant. (rC+)
You expend magic power (3 MP) to strengthen your wands.


Message History

Aim: a deep elf pyromancer, wielding a +2 long sword of holy wrath (moderately wounded, very poisoned, slow, 54% to hit)
You throw a poisoned dart.
The poisoned dart closely misses the deep elf pyromancer.
Throw: 8 darts (poison)
Press: ? - help, Q - select action Shift-Dir - straight line, f/p - deep elf pyromancer
Aim: a deep elf pyromancer, wielding a +2 long sword of holy wrath (heavily wounded, very poisoned, slow, 54% to hit)
You throw a poisoned dart.
The poisoned dart completely misses the deep elf pyromancer.
A human comes into view.
The deep elf pyromancer points at you and mumbles some strange words.
The sticky flame hits you!
You are covered in liquid flames!
Unknown command.
You are covered in liquid flames!
You are covered in liquid flames!
You are covered in liquid flames!
* * * LOW HITPOINT WARNING * * *
You are covered in liquid flames!
* * * LOW HITPOINT WARNING * * *
The deep elf pyromancer gestures wildly while chanting.
The deep elf pyromancer blinks!
You start resting.
Throw: 7 darts (poison)
Press: ? - help, Q - select action Shift-Dir - straight line, f/p - deep elf pyromancer
Aim: a deep elf pyromancer, wielding a +2 long sword of holy wrath (wandering, hasn't noticed you, 54% to hit)
You throw a poisoned dart.
The poisoned dart closely misses the deep elf pyromancer.
You feel yourself speed up.
The deep elf pyromancer casts a spell at you.
The sticky flame hits you!
You are covered in liquid flames!
You are too injured to fight recklessly!
You are covered in liquid flames!
You closely miss the deep elf pyromancer.
Your kick misses the deep elf pyromancer.
You are covered in liquid flames!
The deep elf pyromancer gestures at you while chanting.
The bolt of fire hits you!!
Ouch! That really hurt!
You die...

▓▓▓▓▓▓▓▓ ▓▓▓ <..#[..####
##.##### ####
...#......#####..#__°# #__#
..##.......#..#..#e☼○# #._#
##.##.##...#..#..###(#'###)##
##.##.###..##'#..#.(.p......#
#.####.##..###...'.⌠........#
.###..##..####..e#○..######+#
#.....##..###...@#.⌠.#
###..##...##.....#...#
##..##....#......#'###
#..###..##.#.....#.))# #[.#
#..#####....#___# ▓▓▓▓ ▓▓▓▓
▓▓▓▓▓▓▓▓▓▓


You could see a deep elf pyromancer.

Vanquished Creatures
  A necrophage (D)
  A water elemental (D)
  A wizard (D)
  A necromancer (D)
  A kobold demonologist (D)
  A human (D)
  A phantom (D)
  An endoplasm (D)
  3 rats (D)
11 creatures vanquished.

Notes
Turn   | Place    | Note
-------+----------+-------------------------------------------
     0 | D        | mhtbhm the Spriggan Brigand began the quest for the Orb.
     0 | D        | Reached XP level 1. HP: 10/10 MP: 2/2
    10 | D        | Reached skill level 6 in Stealth
    12 | D        | Reached skill level 7 in Stealth
    57 | D        | Reached skill level 9 in Stealth
    57 | D        | Reached XP level 2. HP: 15/15 MP: 3/3
   191 | D        | Gained mutation: You have sharp toenails. [potion of
                  | mutation]
   191 | D        | Gained mutation: You expend magic power (3 MP) to
                  | strengthen your wands. [potion of mutation]
   191 | D        | Gained mutation: Your flesh is cold resistant. (rC+)
                  | [potion of mutation]
   198 | D        | Noticed a water elemental
   200 | D        | Killed a water elemental
   201 | D        | Reached skill level 12 in Stealth
   201 | D        | Reached XP level 3. HP: 19/19 MP: 4/4
   201 | D        | Reached XP level 4. HP: 23/23 MP: 5/5
   212 | D        | Found a shadowy altar of Dithmenos.
   212 | D        | Noticed a necrophage
   213 | D        | Found a basalt altar of Yredelemnul.
   213 | D        | Found a sacrificial altar of Ru.
   226 | D        | Killed a necrophage
   227 | D        | Reached skill level 5 in Short Blades
   227 | D        | Reached skill level 14 in Stealth
   227 | D        | Reached XP level 5. HP: 28/28 MP: 6/6
   231 | D        | Became a worshipper of Dithmenos the Shadowed
   277 | D        | Found a radiant altar of Vehumet.
   278 | D        | Found a shimmering blue altar of Sif Muna.
   278 | D        | Found an ancient bone altar of Kikubaaqudgha.
   282 | D        | Reached skill level 15 in Stealth
   297 | D        | Found a glowing silver altar of Zin.
   298 | D        | Found a glowing golden altar of the Shining One.
   298 | D        | Found a white marble altar of Elyvilon.
   298 | D        | Noticed a deep elf pyromancer
   301 | D        | Noticed a fire elemental
   301 | D        | Noticed a fire elemental
   475 | D        | Noticed a fire elemental
   475 | D        | Noticed a fire elemental
   476 | D        | Noticed a human
   707 | D        | Killed from afar by a deep elf pyromancer

Illustrated notes

Levels and vault maps discovered:
D:        dungeon_sprint_mu [sprint_mu_entry_cave, sprint_mu_temple_rooms,
          sprint_mu_d1_horrors, sprint_mu_d2_genie, sprint_mu_d3_branching,
          sprint_mu_orc_legion, sprint_mu_elf_gauntlet, sprint_mu_hive_nellie,
          sprint_mu_lair_fedhas, sprint_mu_vaults_butterflies,
          sprint_mu_slime_circle, sprint_mu_swamp_cave, sprint_mu_snake_twists,
          sprint_mu_blade_basic, sprint_mu_crypt_lich, sprint_mu_tomb_spiral,
          sprint_mu_vestibule_basic, sprint_mu_gehenna_hellfire,
          sprint_mu_dis_giant, sprint_mu_tartarus_statrot,
          sprint_mu_cocytus_islands, sprint_mu_zot1]

Skill      XL: |  1  2  3  4  5 |
---------------+----------------+-----
Stealth        | 9 12 14 15 | 15.1
Fighting       | 2 3 |  3.1
Short Blades   | 3 5 |  5.6
Throwing       | 3 4 |  4.2
Dodging        | |  1.9

Action                   |  1- 3 |  4- 6 || total
-------------------------+-------+-------++-------
Melee: Dagger            |    11 |    14 ||    25
       Kick              |       |     1 ||     1
Throw: Dart              |     5 |     6 ||    11
  Use: Potion            |     1 |     3 ||     4
 Stab: Sleeping          |     5 |     2 ||     7
Armor: Robe              |       |     2 ||     2
Dodge: Dodged            |     2 |     4 ||     6

Table legend: (Time is in decaauts)
 A = Elapsed time spent in this place.
 B = Non-inter-level travel time spent in this place.
 C = Inter-level travel time spent in this place.
 D = Time resting spent in this place.
 E = Time spent auto-exploring this place.
 F = Levels seen in this place.
 G = Mean time per level.
                   A        B        C        D        E       F      G
               +--------+--------+--------+--------+--------+-----+--------+
         Total |    622 |    622 |      0 |    442 |     26 |   1 |  622.0 |
       Dungeon |    622 |    622 |      0 |    442 |     26 |   1 |  622.0 |
               +--------+--------+--------+--------+--------+-----+--------+

Top non-repeatable levels by time:
       D: 622 daAuts
